[Event "Team 45 45 League T45"]
[Site "Internet Chess Club"]
[Date "2010.05.17"]
[Round "2"]
[White "JimGaming"]
[Black "The-Capitalist"]
[Result "1-0"]
[WhiteElo "1305"]
[BlackElo "1373"]
[Opening "Caro-Kann: exchange, Rubinstein variation"]
[ECO "B13"]
[Time "16:30:16"]
[TimeControl "2700+45"]

1. e4 c6 2. d4 d5 3. exd5 cxd5 4. Bd3 Nc6 5. c3 Nf6 6. Bf4 Bg4 7. Qb3 Qc8 8. Nd2
e6 9. Ngf3 Be7 10. O-O O-O 11. Ne5 Bh5 12. Rae1 Nxe5 13. Bxe5 Bg6 14. Bxg6 hxg6
15. Qd1 a5 16. Re3 b5 17. h4 Qc6 18. Rh3 Ne4 19. Nxe4 dxe4 20. h5 g5 21. h6 gxh6
22. Rxh6 {Black resigns} 1-0

[Event "Team 45 45 League T45"]
[Site "Internet Chess Club"]
[Date "2010.05.17"]
[Round "2"]
[White "MateIn42"]
[Black "rgadoury"]
[Result "1-0"]
[WhiteElo "1406"]
[BlackElo "1246"]
[Opening "Caro-Kann defense"]
[ECO "B12"]
[Time "20:00:06"]
[TimeControl "2700+45"]

1. e4 c6 2. d4 g6 3. Nf3 Bg7 4. e5 d6 5. Be3 Bg4 6. Nbd2 dxe5 7. h3 Bxf3 8. Nxf3
Nd7 9. dxe5 Bxe5 10. Nxe5 Qa5+ 11. c3 Nxe5 12. Bd4 Nf6 13. Qe2 Ned7 14. b4 Qd8
15. Rd1 O-O 16. g3 Re8 17. Bg2 e5 18. Be3 e4 19. Bg5 Qc7 20. O-O Nd5 21. Qc2 e3
22. Rfe1 exf2+ 23. Qxf2 Rxe1+ 24. Rxe1 Qb6 25. Be3 Nxe3 26. Qxe3 Qxe3+ 27. Rxe3
Nf6 28. Re7 Rb8 29. c4 Kf8 30. Re1 a6 31. Bf1 Re8 32. Rd1 Rb8 33. Be2 Ne4 34.
Rd3 Nf6 35. Bd1 h5 36. Bc2 Re8 37. Rf3 Kg7 38. Kf2 Ne4+ 39. Kg2 Ng5 40. Rf2 f5
41. h4 Ne4 42. Re2 Rd8 43. Bxe4 fxe4 44. Rxe4 Rd2+ 45. Kf3 Rd7 46. Ke2 Kf6 47.
Ke3 b6 48. a4 Re7 49. b5 axb5 50. c5 Rxe4+ 51. Kxe4 bxc5 52. a5 b4 53. Kd3 Ke6
54. a6 Kd6 55. a7 c4+ 56. Kxc4 {Black resigns} 1-0

[Event "Team 45 45 League T45"]
[Site "Internet Chess Club"]
[Date "2010.05.22"]
[Round "2"]
[White "MeansToAnEnd"]
[Black "bowwrestler"]
[Result "1/2-1/2"]
[WhiteElo "1175"]
[BlackElo "1054"]
[Opening "Scandinavian: Pytel-Wade variation"]
[ECO "B01"]
[Time "17:04:38"]
[TimeControl "2700+45"]

1. e4 d5 2. exd5 Qxd5 3. Nc3 Qd6 4. Nf3 Nf6 5. Bb5+ c6 6. Ba4 b5 7. Bb3 Bb7 8.
O-O e6 9. a4 b4 10. Ne2 Nbd7 11. c3 c5 12. cxb4 cxb4 13. Ned4 Be7 14. Nb5 Qb6
15. Qe2 O-O 16. Qe3 Bd5 17. Bxd5 Nxd5 18. Qxb6 N7xb6 19. d3 a6 20. Nbd4 Rac8 21.
Bd2 Rfd8 22. a5 Nd7 23. Rac1 Bc5 24. Nb3 Rc7 25. Nxc5 Rxc5 26. Rxc5 Nxc5 27. d4
Nb3 28. Be3 Nxa5 29. Ra1 Nc4 30. Bc1 Ra8 31. b3 Nd6 32. Bd2 Ne4 33. Be3 h6 34.
h4 Nec3 35. Ne5 a5 36. Nc6 a4 37. bxa4 Rxa4 38. Rxa4 Nxa4 39. Bd2 b3 40. Bc1 b2
41. Bxb2 Nxb2 42. Ne5 Nb4 43. g4 Nc2 44. Nf3 Kh7 45. Kg2 Kg6 46. Kg3 Nc4 47. Kf4
Nd6 48. Ke5 Nc4+ 49. Kf4 Kf6 50. Ke4 Nb4 51. Ne5 Nxe5 52. dxe5+ Ke7 53. f4 Nc2
54. f5 exf5+ 55. gxf5 Ne1 56. Kd5 Nf3 57. h5 Ng5 58. Kd4 Nf3+ 59. Kd5 Nh4 60.
Ke4 g6 61. hxg6 fxg6 62. fxg6 Nxg6 63. Kf5 h5 64. Kg5 h4 65. Kg4 Ke6 66. Kh3
Kxe5 67. Kg4 Ke4 68. Kh3 Kf4 69. Kh2 Kg4 70. Kg2 Ne5 71. Kh2 Nf3+ 72. Kg2 h3+
73. Kh1 Nd4 74. Kh2 Nf5 75. Kh1 Ng3+ 76. Kh2 Nf1+ 77. Kh1 Kf4 78. Kg1 h2+ 79.
Kh1 Ke3 80. Kg2 Kf4 81. Kh1 {Game drawn by mutual agreement} 1/2-1/2

[Event "Team 45 45 League T45"]
[Site "Internet Chess Club"]
[Date "2010.05.15"]
[Round "2"]
[White "sere"]
[Black "KidRattler"]
[Result "1-0"]
[WhiteElo "1121"]
[BlackElo "1029"]
[Opening "QGD: Chigorin defense, Janowski variation"]
[ECO "D21"]
[Time "08:57:35"]
[TimeControl "2700+45"]

1. d4 d5 2. c4 dxc4 3. Nf3 Nc6 4. Nc3 Nf6 5. e4 Bg4 6. d5 Nb8 7. Bxc4 Nfd7 8.
Qd3 Bxf3 9. Qxf3 Ne5 10. Bb5+ c6 11. Qf5 Qd6 12. dxc6 Nexc6 13. Nd5 e6 14. Bf4
exf5 15. Bxd6 Bxd6 16. exf5 O-O 17. O-O Nd7 18. Rfe1 Bb4 19. Re2 Bd6 20. Rd1
Rfe8 21. Red2 Re5 22. Bxc6 bxc6 23. Nc7 Bxc7 24. Rxd7 Ba5 25. b4 Bb6 26. a4 Rae8
27. Kf1 h6 28. a5 Bd8 29. Rxd8 Rxd8 30. Rxd8+ Kh7 31. Rd7 Rxf5 32. Rxa7 f6 33.
Rc7 Rf4 34. Rb7 Rc4 35. Ke2 c5 36. b5 Ra4 37. a6 c4 38. a7 c3 39. b6 c2 40. Kd2
Rc4 41. Kc1 Ra4 42. Kxc2 Kg6 43. Rb8 Rc4+ 44. Kb3 Rd4 45. a8=Q Rd3+ 46. Kc4 Rd1
47. Qe4+ Kh5 48. Qe2+ Kg6 49. Qxd1 f5 50. f4 h5 51. h4 Kh6 52. Qd6+ g6 53. Rg8
Kh7 54. Qxg6# {Black checkmated} 1-0

[Event "Team 45 45 League T45"]
[Site "Internet Chess Club"]
[Date "2010.05.15"]
[Round "2"]
[White "Packerfan"]
[Black "randallsr"]
[Result "0-1"]
[WhiteElo "1701"]
[BlackElo "1770"]
[Opening "French: Winawer, advance variation"]
[ECO "C16"]
[Time "10:00:22"]
[TimeControl "2700+45"]

1. e4 e6 2. d4 d5 3. Nc3 Bb4 4. e5 Ne7 5. Nf3 Bd7 6. Bd3 h6 7. O-O Bxc3 8. bxc3
Nbc6 9. c4 dxc4 10. Bxc4 Na5 11. Bd3 b6 12. c3 Rb8 13. Be3 Bc6 14. h3 Bd5 15.
Nh2 Qd7 16. Qg4 Nc4 17. Nf3 Qc6 18. Rfc1 Bxf3 19. gxf3 Nxe3 20. fxe3 g6 21. Rab1
Qd7 22. c4 c6 23. a4 c5 24. a5 cxd4 25. c5 O-O 26. axb6 dxe3 27. Qe4 axb6 28.
cxb6 Rfd8 29. Rd1 Nd5 30. Bc4 Qe7 31. Bxd5 exd5 32. Qxe3 Rb7 33. Rb5 Qe6 34. Qd4
Rdb8 35. Rdb1 Qxh3 36. Qxd5 Rd7 37. Qe4 Rd2 38. Qg4 Qh2+ 39. Kf1 Qf2# {White
checkmated} 0-1

[Event "Team 45 45 League T45"]
[Site "Internet Chess Club"]
[Date "2010.05.12"]
[Round "2"]
[White "slowdown"]
[Black "Eyechess"]
[Result "0-1"]
[WhiteElo "1621"]
[BlackElo "1680"]
[Opening "Benkö gambit"]
[ECO "A57"]
[Time "20:30:12"]
[TimeControl "2700+45"]

1. d4 Nf6 2. c4 c5 3. d5 b5 4. b3 g6 5. Bb2 d6 6. e4 Nbd7 7. Nf3 Bg7 8. Nbd2 O-O
9. cxb5 a6 10. bxa6 Bxa6 11. Bxa6 Rxa6 12. O-O Qb6 13. Qc2 Rfa8 14. a4 Qb7 15.
Bc3 Nb6 16. Rfe1 Nbd7 17. Qb2 Rb8 18. g4 e5 19. dxe6 fxe6 20. g5 Nh5 21. Bxg7
Nxg7 22. Qc3 Rf8 23. Rab1 Rf4 24. Re3 Ra8 25. Rbe1 Raf8 26. Nc4 d5 27. exd5 exd5
28. Ncd2 d4 29. Qc4+ Kh8 30. Rd3 Rxf3 31. Nxf3 Rxf3 32. Re7 Rf5 33. Rg3 Qc6 34.
Qe2 Kg8 35. h4 Qd6 36. a5 Ne5 37. Rb7 Nh5 38. a6 Nxg3 39. fxg3 d3 40. Qa2 d2 41.
b4+ c4 42. Qa1 d1=Q+ 43. Qxd1 Qxd1+ 44. Kh2 {White resigns} 0-1

[Event "Team 45 45 League T45"]
[Site "Internet Chess Club"]
[Date "2010.05.13"]
[Round "2"]
[White "Tjet"]
[Black "badmove"]
[Result "0-1"]
[WhiteElo "1512"]
[BlackElo "1834"]
[Opening "English: Anglo-Dutch defense"]
[ECO "A10"]
[Time "17:00:18"]
[TimeControl "2700+45"]

1. c4 f5 2. g3 Nf6 3. Bg2 g6 4. Nf3 Bg7 5. d3 O-O 6. O-O d6 7. Nc3 Nc6 8. a3 Nh5
9. e3 a5 10. Rb1 e5 11. Nd5 h6 12. b4 axb4 13. axb4 Ne7 14. Nxe7+ Qxe7 15. Nh4
Kh7 16. Bf3 Nf6 17. Ng2 e4 18. Be2 exd3 19. Qxd3 f4 20. Qd1 fxg3 21. hxg3 Ne4
22. Bb2 Ra2 23. Bxg7 Qxg7 24. Rb3 Nd2 25. Re1 Nxb3 26. Qxb3 Qb2 27. Qxb2 Rxb2
28. b5 c6 29. bxc6 bxc6 30. Nf4 g5 31. Bd3+ Kg8 32. Ne2 Bf5 33. e4 Bg4 34. Kg2
Rd2 {White resigns} 0-1

[Event "Team 45 45 League T45"]
[Site "Internet Chess Club"]
[Date "2010.05.16"]
[Round "2"]
[White "medsurg"]
[Black "MCJR"]
[Result "0-1"]
[WhiteElo "1337"]
[BlackElo "1432"]
[Opening "Sicilian: closed, 6.f4"]
[ECO "B25"]
[Time "20:00:11"]
[TimeControl "2700+45"]

1. e4 c5 2. Nc3 Nc6 3. g3 g6 4. Bg2 Bg7 5. d3 d6 6. f4 e6 7. Be3 Nge7 8. Nge2
O-O 9. O-O f5 10. Rb1 b6 11. h3 Rb8 12. g4 Nd4 13. Ng3 Bd7 14. Nce2 Qc8 15. c3
Ndc6 16. g5 d5 17. e5 Na5 18. h4 c4 19. d4 Qe8 20. Nc1 b5 21. b3 cxb3 22. Nxb3
Nc4 23. Qe2 b4 24. Rfc1 bxc3 25. Rxc3 a5 26. Rcc1 a4 27. Nc5 Rxb1 28. Rxb1 Nxe3
29. Qxe3 Qc8 30. Rb7 Rd8 31. Qa3 Bf8 32. Qb2 Nc6 33. Bf1 Bxc5 34. dxc5 Na5 35.
Rb4 Qxc5+ 36. Kh2 Nc4 37. Qc3 Qf2+ 38. Bg2 Ne3 39. Rb2 Qxf4 40. Qc7 Qxh4+ 41.
Bh3 Qxg5 42. Rb8 Rxb8 43. Qxb8+ Kf7 44. Qh8 Qh6 45. Qf6+ Kg8 46. Qd8+ Qf8 47.
Qxd7 f4 48. Qxe6+ Kh8 49. Ne2 f3 50. Ng3 f2 51. Qf6+ Qxf6 52. exf6 Kg8 53. Be6+
Kf8 54. Nf1 Nxf1+ 55. Kg2 Ne3+ 56. Kxf2 d4 57. Ke2 Nf5 58. a3 h5 59. Bc4 h4 60.
Kf3 h3 61. Kf2 h2 62. Kg2 Ne3+ {White resigns} 0-1

[Event "Team 45 45 League T45"]
[Site "Internet Chess Club"]
[Date "2010.05.16"]
[Round "2"]
[White "Electryon"]
[Black "BlunderJack"]
[Result "0-1"]
[WhiteElo "1423"]
[BlackElo "1646"]
[Opening "English, 1...Nf6 (Anglo-Indian defense)"]
[ECO "E62"]
[Time "17:00:22"]
[TimeControl "2700+45"]

1. c4 Nf6 2. g3 g6 3. Bg2 Bg7 4. Nc3 O-O 5. Nf3 d6 6. d4 d5 7. cxd5 Nxd5 8. O-O
Nc6 9. e4 Nb6 10. Be3 Nc4 11. Bc1 Bg4 12. b3 Nxd4 13. Rb1 Ne5 14. h3 Bxf3 15.
Bxf3 Ndxf3+ 16. Kg2 Qxd1 17. Rxd1 Rfd8 18. Be3 c6 19. Ne2 h5 20. h4 Bf6 21. Nd4
Nxd4 22. Bxd4 Ng4 23. Bc5 b6 24. Bb4 c5 25. Be1 Rd4 26. f3 Ne3+ {White resigns}
0-1

[Event "Team 45 45 League T45"]
[Site "Internet Chess Club"]
[Date "2010.05.15"]
[Round "2"]
[White "imawesome"]
[Black "philosopherking"]
[Result "1/2-1/2"]
[WhiteElo "1623"]
[BlackElo "1517"]
[Opening "French: exchange variation"]
[ECO "C01"]
[Time "13:00:13"]
[TimeControl "2700+45"]

1. e4 e6 2. d4 d5 3. exd5 exd5 4. c4 Nf6 5. Nc3 Nc6 6. Nf3 Bb4 7. Qb3 Qe7+ 8.
Be2 dxc4 9. Qxc4 O-O 10. O-O Re8 11. Re1 Be6 12. Qd3 Rad8 13. Be3 Ng4 14. Red1
Nxe3 15. Qxe3 Bg4 16. Qxe7 Rxe7 17. Kf1 Rde8 18. Rd2 Rd8 19. Rad1 Red7 20. h3
Bxf3 21. Bxf3 Rxd4 22. Rxd4 Rxd4 23. Rxd4 Nxd4 24. Bxb7 Bxc3 25. bxc3 Nb5 26. c4
Nd6 27. Bd5 Kf8 28. Ke2 Ke7 29. Kd3 c5 30. g4 Kf6 31. f4 g5 32. Ke3 h6 33. Kf3
Nc8 34. f5 Nd6 35. Ke2 Ke5 36. Ke3 f6 37. Be6 Ne8 38. a3 Nc7 39. Bd7 Kd6 40. Ba4
Na8 41. Ke4 Nb6 42. Bb5 Na8 {Game drawn by mutual agreement} 1/2-1/2

[Event "Team 45 45 League T45"]
[Site "Internet Chess Club"]
[Date "2010.05.16"]
[Round "2"]
[White "rayngrant"]
[Black "check-man"]
[Result "0-1"]
[WhiteElo "1542"]
[BlackElo "1522"]
[Opening "Sicilian: Hungarian variation"]
[ECO "B34"]
[Time "12:00:16"]
[TimeControl "2700+45"]

1. e4 c5 2. Nf3 g6 3. d4 cxd4 4. Nxd4 Bg7 5. Nc3 Nc6 6. Be3 Nf6 7. Qd2 O-O 8. f3
d5 9. exd5 Nxd5 10. Nxd5 Qxd5 11. c3 Nxd4 12. Bxd4 Rd8 13. Be3 Qxd2+ 14. Bxd2
Bf5 15. O-O-O Rac8 16. Bb5 a6 17. Ba4 b5 18. Bb3 b4 19. g4 bxc3 20. gxf5 cxd2+
21. Kb1 Bh6 22. fxg6 hxg6 23. Rhg1 Rc1+ 24. Rxc1 dxc1=Q+ 25. Rxc1 Bxc1 26. Kxc1
Kg7 27. Kc2 Rh8 28. Kd3 Rxh2 29. Kc3 Rf2 30. Bd5 e6 31. Bb7 a5 32. a4 Kf6 33. b4
axb4+ 34. Kxb4 Rb2+ {White resigns} 0-1

[Event "Team 45 45 League T45"]
[Site "Internet Chess Club"]
[Date "2010.05.15"]
[Round "2"]
[White "Burbia"]
[Black "ILRE"]
[Result "0-1"]
[WhiteElo "1360"]
[BlackElo "1545"]
[Opening "Pirc: classical system, 5.Be2"]
[ECO "B08"]
[Time "17:00:18"]
[TimeControl "2700+45"]

1. e4 d6 2. d4 Nf6 3. Nc3 g6 4. Nf3 Bg7 5. Be2 O-O 6. O-O c6 7. h3 Qc7 8. Bf4
Nh5 9. Be3 e5 10. Qd2 Nd7 11. a4 Re8 12. Rad1 exd4 13. Nxd4 Nhf6 14. f3 a6 15.
Bf4 Ne5 16. Nb3 Nh5 17. Bh2 Rd8 18. f4 Qb6+ 19. Kh1 Nd7 20. Bxh5 gxh5 21. Qxd6
Bf8 22. Qd3 Bg7 23. Bg1 Qc7 24. Qd6 Qxd6 25. Rxd6 Re8 26. Bd4 Bf8 27. Nd5 Bxd6
{White resigns} 0-1

[Event "Team 45 45 League T45"]
[Site "Internet Chess Club"]
[Date "2010.05.16"]
[Round "2"]
[White "blizzard13"]
[Black "PANAMA-REY"]
[Result "1-0"]
[WhiteElo "1419"]
[BlackElo "1472"]
[Opening "King's gambit"]
[ECO "C30"]
[Time "12:00:08"]
[TimeControl "2700+45"]

1. e4 e5 2. f4 d6 3. d3 Nc6 4. Nf3 Nf6 5. h3 Be7 6. Nc3 Nh5 7. g4 Bh4+ 8. Nxh4
Qxh4+ 9. Kd2 Ng3 10. Qe1 Nd4 11. Be2 exf4 12. Qf2 Qf6 13. Nd5 Qg5 14. Qxd4 Nxh1
15. Nxc7+ Kd8 16. Nxa8 f3+ 17. Kc3 Qa5+ 18. Qb4 Qxb4+ 19. Kxb4 fxe2 20. Bd2 Ng3
21. Bf4 Nh5 22. Bxd6 Nf6 23. Re1 Kd7 24. Bh2 b6 25. Rxe2 Ne8 26. e5 Bb7 27.
Nxb6+ axb6 28. Rf2 f6 29. Kb5 Nc7+ 30. Kxb6 Bh1 31. e6+ Kc8 32. Bxc7 Re8 33. Re2
Bd5 34. e7 Bxa2 35. b3 Bb1 36. d4 Kd7 37. d5 Rxe7 38. Rxe7+ Kxe7 39. c4 Ba2 40.
c5 Bxb3 41. d6+ Kd7 42. c6+ Ke8 43. d7+ {Black resigns} 1-0

[Event "Team 45 45 League T45"]
[Site "Internet Chess Club"]
[Date "2010.05.17"]
[Round "2"]
[White "Gunter"]
[Black "houseofcook"]
[Result "0-1"]
[WhiteElo "1118"]
[BlackElo "1503"]
[Opening "French: Steinitz variation"]
[ECO "C11"]
[Time "13:59:21"]
[TimeControl "2700+45"]

1. e4 e6 2. d4 d5 3. Nc3 Nf6 4. e5 Nfd7 5. Nf3 c5 6. dxc5 Bxc5 7. Bd3 Nc6 8. Bf4
O-O 9. O-O f6 10. exf6 Nxf6 11. a3 a6 12. Qe2 Bd7 13. Be3 d4 14. b4 Ba7 15. b5
axb5 16. Bc4 bxc4 17. Qxc4 dxe3 {White resigns} 0-1

[Event "Team 45 45 League T45"]
[Site "Internet Chess Club"]
[Date "2010.05.16"]
[Round "2"]
[White "tcianciola"]
[Black "pedrin"]
[Result "1-0"]
[WhiteElo "1142"]
[BlackElo "1049"]
[Opening "Pirc: classical (two knights) system"]
[ECO "B08"]
[Time "09:59:59"]
[TimeControl "2700+45"]

1. e4 d6 2. Nf3 Nf6 3. Nc3 g6 4. d4 Bg7 5. Bd3 O-O 6. O-O Nc6 7. a3 Bg4 8. h3
Bd7 9. Bg5 h6 10. Bxf6 Bxf6 11. d5 Ne5 12. Nxe5 Bxe5 13. Qd2 Bxc3 14. bxc3 e6
15. Qxh6 exd5 16. f3 Qf6 17. Rae1 Qxc3 18. exd5 Rfe8 19. Re4 Rxe4 20. fxe4 Qd4+
21. Kh1 Qa4 22. e5 Bb5 23. e6 Bxd3 24. exf7# {Black checkmated} 1-0

[Event "Team 45 45 League T45"]
[Site "Internet Chess Club"]
[Date "2010.05.16"]
[Round "2"]
[White "taldeital"]
[Black "StolenAfrikan"]
[Result "1-0"]
[WhiteElo "1418"]
[BlackElo "1356"]
[Opening "Queen's pawn"]
[ECO "A40"]
[Time "16:03:54"]
[TimeControl "2700+45"]

1. d4 e6 2. Nf3 d5 3. Bg5 Be7 4. Bxe7 Qxe7 5. c3 Nf6 6. e3 Nbd7 7. Bd3 e5 8.
dxe5 Nxe5 9. Nxe5 Qxe5 10. Nd2 O-O 11. Qf3 Bg4 12. Qg3 Qe7 13. O-O Qd7 14. Rfe1
Rfe8 15. h3 Ne4 16. Qxg4 Qxg4 17. hxg4 Nxd2 18. Rad1 Ne4 19. Bxe4 dxe4 20. Rd7
Rac8 21. Red1 g6 22. Kh2 Kg7 23. Kg3 Kf6 24. g5+ Kxg5 25. Rxf7 h5 26. Rdd7 h4+
27. Kh3 Rf8 28. f4+ exf3 29. gxf3 Rce8 30. f4+ Kh6 31. Rh7# {Black checkmated}
1-0

[Event "Team 45 45 League T45"]
[Site "Internet Chess Club"]
[Date "2010.05.16"]
[Round "2"]
[White "chicopee-ed"]
[Black "dscvdchk"]
[Result "0-1"]
[WhiteElo "1295"]
[BlackElo "1520"]
[Opening "Scandinavian (center counter) defense"]
[ECO "B01"]
[Time "14:00:20"]
[TimeControl "2700+45"]

1. e4 d5 2. exd5 Qxd5 3. d4 Nf6 4. Nf3 Bg4 5. Be2 e6 6. Nc3 Qd6 7. h3 Bh5 8. O-O
c6 9. Be3 Be7 10. Ne5 Bxe2 11. Qxe2 O-O 12. Rfd1 Nbd7 13. Bf4 Qb4 14. Rab1 Nb6
15. a3 Qa5 16. Ra1 Nbd5 17. b4 Nxf4 18. Qf3 Nxh3+ 19. Qxh3 Qc7 20. Rd3 Qd6 21.
Re1 Rad8 22. Ne2 Nd5 23. c4 Nf6 24. Nf4 Rfe8 25. Rg3 g6 26. Nh5 Qxd4 27. Nxf6+
Bxf6 28. Ng4 Bg7 29. Qh4 h5 30. Nh6+ Bxh6 31. Qxh5 Kg7 32. Rg4 Qd2 33. Rf1 Qc3
34. Qh2 Rd2 35. Rh4 Rh8 36. g4 g5 37. Rh3 Rd3 38. Rh5 Qd4 39. Qg2 Rd1 40. Rh2
Rxf1+ 41. Qxf1 Qxg4+ 42. Rg2 Qd4 43. Qe2 Kg6 44. Qc2+ f5 45. Qe2 e5 46. Rh2 Bg7
47. Rg2 Qh4 {White resigns} 0-1

[Event "Team 45 45 League T45"]
[Site "Internet Chess Club"]
[Date "2010.05.15"]
[Round "2"]
[White "IanT"]
[Black "kid6988"]
[Result "1-0"]
[WhiteElo "1413"]
[BlackElo "1289"]
[Opening "Giuoco Piano: four knights variation"]
[ECO "C55"]
[Time "20:07:58"]
[TimeControl "2700+45"]

1. e4 e5 2. Nf3 Nc6 3. Bc4 Nf6 4. Nc3 Bc5 5. O-O O-O 6. d3 h6 7. Be3 Bxe3 8.
fxe3 d6 9. h3 Re8 10. Re1 Be6 11. Bb3 Bxb3 12. axb3 Re6 13. d4 a6 14. d5 Re8 15.
dxc6 bxc6 16. Qd3 a5 17. Rad1 Nh5 18. Qc4 c5 19. Nd5 c6 20. Nc3 Re6 21. Qd3 Qc8
22. Qe2 Rg6 23. Nh4 Rg5 24. Nf5 Ra7 25. Qf3 Rd7 26. Rxd6 Rc7 27. Rxc6 Kh7 28.
Rxc7 Qxc7 29. h4 Rg6 30. Qxh5 f6 31. Nd5 Qf7 32. Nde7 Rxg2+ 33. Kxg2 Qxh5 34.
Kg3 g6 35. Nd5 gxf5 36. Nxf6+ Kg6 37. Nxh5 Kxh5 38. exf5 e4 39. Rf1 c4 40. f6
Kg6 41. f7 {Black resigns} 1-0

[Event "Team 45 45 League T45"]
[Site "Internet Chess Club"]
[Date "2010.05.15"]
[Round "2"]
[White "justice02"]
[Black "fishhead"]
[Result "0-1"]
[WhiteElo "1753"]
[BlackElo "2001"]
[Opening "Alekhine's defense: modern, fianchetto variation"]
[ECO "B04"]
[Time "13:00:08"]
[TimeControl "2700+45"]

1. e4 Nf6 2. e5 Nd5 3. d4 d6 4. Nf3 g6 5. c3 Bg7 6. Be2 O-O 7. a4 Nc6 8. exd6
cxd6 9. Na3 e5 10. Qb3 Be6 11. c4 e4 12. cxd5 exf3 13. Bxf3 Nxd4 14. Qd1 Nxf3+
15. Qxf3 Qa5+ 16. Bd2 Qxd5 17. Qxd5 Bxd5 18. O-O Bxb2 19. Bh6 Bxa1 20. Bxf8 Kxf8
21. Rxa1 Bc6 22. Nc4 d5 23. Na5 Rc8 24. f3 Ke7 25. Nb3 Kd6 26. Kf2 Re8 27. a5 f5
28. Rc1 f4 29. Nd4 a6 30. h4 Re5 31. Ne2 Rf5 32. Rc3 Ke5 33. Rc1 h6 34. Re1 Kd6
35. Nd4 Re5 36. Rc1 Bb5 37. Rc8 g5 38. h5 Be8 39. Nb3 Bxh5 40. Nc5 Re7 41. Nd3
Bg6 42. Rd8+ Kc6 43. Nb4+ Kb5 44. Nxd5 Rh7 45. Nf6 Rf7 46. Ng8 Kxa5 47. Nxh6 Rh7
48. Rd5+ b5 49. Ng4 Rc7 50. Rxg5 Rc2+ 51. Ke1 Bd3 52. Nf2 Re2+ 53. Kf1 Re5+ 54.
Kg1 Rxg5 55. Nxd3 Rf5 56. Kf2 b4 57. Ke2 Kb5 58. Kd2 a5 59. Kc2 a4 60. Kb2 Kc4
{White resigns} 0-1

[Event "Team 45 45 League T45"]
[Site "Internet Chess Club"]
[Date "2010.05.19"]
[Round "2"]
[White "CREDITorDEBIT"]
[Black "Yedixon"]
[Result "1-0"]
[WhiteElo "1703"]
[BlackElo "1712"]
[Opening "Petrov: classical attack"]
[ECO "C42"]
[Time "17:36:52"]
[TimeControl "2700+45"]

1. e4 e5 2. Nf3 Nf6 3. Nxe5 d6 4. Nf3 Nxe4 5. d4 d5 6. Bd3 Nc6 7. h3 Nb4 8. O-O
Be7 9. Re1 Bf5 10. Bf4 Qd7 11. Ne5 Qc8 12. Nc3 Nxd3 13. Nxd3 c6 14. f3 Nxc3 15.
bxc3 Be6 16. Qe2 O-O 17. Be5 c5 18. Nf4 Bg5 19. Nxe6 fxe6 20. Bd6 Re8 21. dxc5
Bf6 22. Qe3 b6 23. Rab1 bxc5 24. Bxc5 a6 25. Rb6 e5 26. a4 Qc7 27. Reb1 d4 28.
cxd4 exd4 29. Qb3+ Kh8 30. Bd6 Qd7 31. Bg3 d3 32. Rb7 Qf5 33. Qxd3 Qg5 34. f4
Qa5 35. Qb3 Rad8 36. Bf2 Qd2 37. c4 Bd4 38. Qf3 Re1+ 39. Rxe1 Qxe1+ 40. Kh2 Bxf2
41. h4 Qg1+ 42. Kh3 Qh1+ 43. Kg4 Qxh4+ 44. Kf5 Qf6+ 45. Kg4 h5+ 46. Kxh5 Qh4+
47. Kg6 Qh7+ 48. Kg5 Bh4+ 49. Kg4 Bf6 50. Qh3 Qxh3+ 51. Kxh3 a5 52. Kg4 Rd4 53.
Kf5 Kh7 54. Rc7 Rd2 55. g4 Ra2 56. g5 Bc3 57. g6+ Kh6 58. Rc8 {Black resigns}
1-0

[Event "Team 45 45 League T45"]
[Site "Internet Chess Club"]
[Date "2010.05.16"]
[Round "2"]
[White "Goli"]
[Black "tigereye"]
[Result "1/2-1/2"]
[WhiteElo "1783"]
[BlackElo "1847"]
[Opening "Alekhine's defense: Scandinavian variation"]
[ECO "B02"]
[Time "16:01:23"]
[TimeControl "2700+45"]

1. e4 Nf6 2. Nc3 d5 3. exd5 Nxd5 4. Nxd5 Qxd5 5. d4 Nc6 6. Nf3 Bg4 7. Be2 e6 8.
O-O Be7 9. h3 Bf5 10. Bf4 O-O-O 11. c3 h6 12. b4 Bf6 13. b5 Ne7 14. Qa4 Kb8 15.
Rfd1 Nc8 16. c4 Qe4 17. Be3 Qc2 18. Qxc2 Bxc2 19. Rd2 Be4 20. c5 g5 21. Rad1 Ne7
22. Ne1 Nd5 23. Bd3 Bxd3 24. Rxd3 Nb4 25. Rb3 Nd5 26. Nc2 Be7 27. Rdb1 b6 28.
cxb6 axb6 29. a4 Kb7 30. Bd2 Ra8 31. Ra1 Ra7 32. Rb2 Rd8 33. Rba2 Bf6 34. Ra3
Ne7 35. Be3 Nf5 36. Rd1 Rda8 37. Rda1 Ne7 38. Nb4 c5 39. bxc6+ Nxc6 40. Nc2 Ra5
41. Kf1 Rd8 42. Rd1 e5 43. d5 Raxd5 44. Rxd5 Rxd5 45. Rb3 Nd4 46. Nxd4 exd4 47.
Bd2 Kc6 48. Ke2 Rd7 49. a5 b5 50. Kd3 Be7 51. Rb2 f5 52. g3 h5 53. f4 g4 54. h4
Bc5 55. Rc2 Kd5 56. Rb2 Kc6 57. Rc2 Kd5 58. Rb2 Kc6 59. Rc2 Kd5 60. Rb2 Kc6
{Game drawn by repetition} 1/2-1/2

[Event "Team 45 45 League T45"]
[Site "Internet Chess Club"]
[Date "2010.05.16"]
[Round "2"]
[White "badmove"]
[Black "randallsr"]
[Result "1/2-1/2"]
[WhiteElo "1831"]
[BlackElo "1773"]
[Opening "Bird's opening"]
[ECO "A02"]
[Time "17:00:55"]
[TimeControl "2700+45"]

1. f4 e6 2. Nf3 b6 3. e4 Bb7 4. d3 d6 5. c3 Nd7 6. Qc2 e5 7. f5 Be7 8. Be3 Ngf6
9. Nbd2 a5 10. Be2 Ng4 11. Bg1 h6 12. O-O-O Bg5 13. Nxg5 Qxg5 14. Kb1 h5 15. Nf3
Qh6 16. h3 Ne3 17. Bxe3 Qxe3 18. Qd2 Qxd2 19. Rxd2 Ba6 20. d4 Bxe2 21. Rxe2 f6
22. Kc2 Kf7 23. Rd1 b5 24. dxe5 fxe5 25. Ng5+ Kf6 26. Ne6 Ra7 27. g4 hxg4 28.
hxg4 g5 29. Rdd2 Nf8 30. Nxf8 Rxf8 31. Rh2 Rg8 32. Rh6+ Kf7 33. Rf2 Raa8 34.
Rfh2 Rac8 35. f6 {Game drawn by mutual agreement} 1/2-1/2

[Event "Team 45 45 League T45"]
[Site "Internet Chess Club"]
[Date "2010.05.17"]
[Round "2"]
[White "eagleeye222001"]
[Black "LucaTrapani"]
[Result "0-1"]
[WhiteElo "1775"]
[BlackElo "2154"]
[Opening "Queen's pawn"]
[ECO "A40"]
[Time "16:09:37"]
[TimeControl "2700+45"]

1. d4 e6 2. Bf4 f5 3. Nf3 Nf6 4. e3 d6 5. Nbd2 Nc6 6. c4 Qe7 7. Nb3 e5 8. dxe5
dxe5 9. Bg5 Bd7 10. Be2 h6 11. Bxf6 Qxf6 12. O-O O-O-O 13. a3 g5 14. Qc2 g4 15.
Nfd2 h5 16. a4 h4 17. a5 Nb4 18. Qc3 Bc6 19. c5 Nd5 20. Qc2 a6 21. Nc4 Bh6 22.
Ncd2 g3 23. e4 gxf2+ 24. Rxf2 Be3 25. Rf1 Nf4 26. Kh1 Bxf2 27. Rxf2 Rhg8 28. Bf3
Qg5 29. Nc4 fxe4 30. Bxe4 Bxe4 {White resigns} 0-1

[Event "Team 45 45 League T45"]
[Site "Internet Chess Club"]
[Date "2010.05.14"]
[Round "2"]
[White "ghostfire"]
[Black "Tobiasdelmonte"]
[Result "0-1"]
[WhiteElo "1735"]
[BlackElo "1713"]
[Opening "QGD Slav: 4.Nc3"]
[ECO "D15"]
[Time "22:00:19"]
[TimeControl "2700+45"]

1. d4 d5 2. c4 c6 3. Nf3 Nf6 4. Nc3 a6 5. cxd5 cxd5 6. e3 Bf5 7. Qa4+ Bd7 8. Qb3
Bc6 9. Ne5 Qc7 10. e4 e6 11. exd5 Nxd5 12. Bd2 Bd6 13. Nxc6 bxc6 14. Ne4 Be7 15.
Rc1 O-O 16. Bd3 Nd7 17. O-O Rfb8 18. Qc2 Nb4 19. Bxb4 Rxb4 20. Qxc6 Qxc6 21.
Rxc6 Rxb2 22. Rc7 Rd8 23. Bxa6 Rxa2 24. Bb5 Nf6 25. Rxe7 Nxe4 26. Bc6 Nc3 27.
Bf3 g6 28. Rc7 Nb5 29. Rcc1 Nxd4 30. Rcd1 Nxf3+ 31. gxf3 Rxd1 32. Rxd1 Kg7 33.
Kg2 h5 34. Rd7 h4 35. Rd4 g5 36. Rg4 Kh6 37. f4 f6 38. fxg5+ fxg5 39. Re4 Ra6
40. f3 Kg6 41. Kh3 Kf5 42. Rb4 Ra3 43. Rb5+ e5 44. Kg2 Ra2+ 45. Kh3 Kf4 46. Rb7
Kxf3 47. Rf7+ Ke4 48. Kg4 Rxh2 49. Kxg5 h3 50. Kg4 Rh1 51. Ra7 h2 52. Ra4+ Kd3
53. Ra3+ Kc4 54. Kh3 e4 55. Kg2 Rg1+ 56. Kxh2 Rg8 57. Ra4+ Kd3 58. Ra3+ Ke2 59.
Ra7 e3 60. Rf7 Ke1 61. Re7 e2 62. Rf7 Rg5 63. Rd7 Kf2 64. Rf7+ Ke3 65. Re7+ Kd3
66. Rd7+ Ke4 {White resigns} 0-1